 Dungeon Crawl Stone Soup version 0.28.0 (webtiles) character file.

Game seed: 2158389318927160654

401 Spectrina the Sneak (level 6, -5/28 HPs)
             Began as a Felid Monk on Feb 6, 2022.
             Was a Believer of Qazlal.
             Killed from afar by an acid dragon (20 damage)
             ... with a splash of acid
             ... on level 7 of the Dungeon.
             The game lasted 00:16:30 (2189 turns).

Spectrina the Sneak (Felid Monk)                    Turns: 2189, Time: 00:16:31

Health: -5/28      AC: 10    Str:  5 (7)  XL:     6   Next: 54%
Magic:  8/8        EV: 20    Int:  8 (11) God:    Qazlal [**....]
Gold:   114        SH:  2    Dex: 20 (21) Spells: 5/5 levels left
                                        Lives:  0   Deaths: 1

rFire   . . .      SeeInvis +     - Unarmed
rCold   . . .      Faith    .   (shield unavailable)
rNeg    . . .      Spirit   .   (armour unavailable)
rPois   .          Reflect  .   (helmet unavailable)
rElec   .          Harm     .   (cloak unavailable)
rCorr   .          Rampage  .   (gloves unavailable)
Will    .....                   (boots unavailable)
Stlth   +++.......              (no amulet)
HPRegen 0.09/turn               h - +4 ring of protection
MPRegen 0.11/turn               p - +4 ring of protection

@: invisible, quick
A: very small, claws 1, fangs 3, see invisible, speed 1, shaggy fur 2, stealthy
paws, no weapons or thrown items, no armour, multi-lived
a: Renounce Religion, Upheaval


You were on level 7 of the Dungeon.
You worshipped Qazlal.
Qazlal was pleased with you.
You visited 2 branches of the dungeon, and saw 8 of its levels.

You collected 114 gold pieces.

Inventory:

Missiles
 e - 156 stones
Jewellery
 h - a +4 ring of protection (left paw)
 o - a ring of protection from cold
 p - a +4 ring of protection (right paw)
Wands
 i - a wand of flame (12)
Scrolls
 d - a scroll of teleportation {unknown}
 f - a scroll of holy word
 j - a scroll of amnesia {unknown}
 l - a scroll of noise {unknown}
 n - a scroll of enchant weapon {unknown}
Potions
 k - a potion of curing
 m - 3 potions of brilliance
 q - a potion of attraction


   Skills:
 + Level 3.4 Fighting
 + Level 4.6 Dodging
 - Level 6.0 Stealth
 + Level 5.9 Unarmed Combat
 * Level 2.2 Invocations


You had 5 spell levels left.
You didn't know any spells.
Your spell library was empty.

Dungeon Overview and Level Annotations

Branches:
Dungeon (7/15)             Temple (1/1) D:5

Altars:
Ashenzari
Cheibriados
Dithmenos
Elyvilon
Fedhas
Gozag
Hepliaklqana
Kikubaaqudgha
Makhleb
Okawaru
Qazlal
Ru
Sif Muna
Trog
Uskayaw
Vehumet
Wu Jian
Xom
Yredelemnul
Zin
The Shining One

Shops:
D:1 (   D:2 (


Innate Abilities, Weirdness & Mutations

You have sharp claws.
You have razor-sharp teeth.
You have supernaturally acute eyesight. (SInv)
You cover ground quickly. (Speed+)
You are covered in thick fur. (AC +2)
Your paws help you pounce on unaware monsters.
You are incapable of wielding weapons or throwing items.
You cannot wear armour.
You gain extra lives every three experience levels.


Message History

The iguana is heavily wounded.
The iguana misses you.
You completely miss the iguana.
The iguana is heavily wounded.
You scratch the iguana. You bite the iguana.
The iguana is almost dead.
The iguana bites you!
You completely miss the iguana. You bite the iguana.
You kill the iguana!
Qazlal accepts your kill.
Your life force feels restored.
You see here 2 poisoned darts.
There is a stone staircase leading down here.
You climb downwards.
There is a stone staircase leading up here.
Found 2 fizzy amethyst potions.
m - 3 fizzy amethyst potions (gained 2)
As you read the scroll of identify, it crumbles to dust.
m - 3 potions of brilliance
As you read the scroll of identify, it crumbles to dust.
f - a scroll of holy word
There is a stone staircase leading up here.
You climb upwards.
There is a stone staircase leading down here.
There is a stone staircase leading down here.
You climb downwards.
There is a stone staircase leading up here.
Found a stone staircase leading down.
You hear a roar!
An acid dragon and a centaur come into view.
The centaur shouts!
The centaur wields a +0 shortbow.
The centaur shoots an arrow.
The arrow completely misses you.
Unknown command.
You fade into invisibility!
The centaur shoots an arrow.
The arrow misses you. The acid dragon spits acid at you.
The splash of acid hits you!!
Ouch! That really hurt!
You die...

#c.# ... #..#...
####..#.. .......
#.#... #.#.D
.####...##
>......@.#
#####..☼.#
########..#
#.####........##
#..............#
#####...<..#......
#...##.#.##....
#......#.# .###
#..#####.# #


You could see an acid dragon (catching breath) and a centaur.

Vanquished Creatures
  A water moccasin (D:5)
  2 scorpions (D:5)
  2 hounds (D:5)
  2 jellies (D:5)
  Jessica (D:2)
  Ijyb (D:4)
  An iguana (D:6)
  A hound skeleton (D:5)
  An adder (D:2)
  A shadow imp (D:5)
  2 dart slugs
  3 orcs
  3 ball pythons
  5 bats
  3 endoplasms (D:1)
  3 giant cockroaches
  6 hobgoblins
  3 kobolds
  3 quokkas
  4 frilled lizards
  3 goblins
  3 rats
54 creatures vanquished.

Notes
Turn   | Place    | Note
-------+----------+-------------------------------------------
     0 | D:1      | Spectrina the Felid Monk began the quest for the Orb.
     0 | D:1      | Reached XP level 1. HP: 10/10 MP: 2/2
    63 | D:1      | Reached skill level 3 in Stealth
   175 | D:1      | Reached XP level 2. HP: 14/14 MP: 3/3
   318 | D:1      | Found Biwiebuvvu's Antique Weapon Shop.
   712 | D:2      | Found Gooqonug's Weapon Boutique.
   753 | D:3      | Reached skill level 4 in Stealth
   790 | D:4      | Reached XP level 3. HP: 17/17 MP: 4/4
   879 | D:4      | Noticed Ijyb
   883 | D:4      | Killed Ijyb
   912 | D:4      | Noticed a scorpion
  1137 | D:2      | Reached XP level 4. HP: 16/21 MP: 5/5
  1235 | D:2      | Reached skill level 5 in Stealth
  1348 | D:2      | Noticed Jessica
  1350 | D:2      | Killed Jessica
  1499 | D:5      | Entered Level 5 of the Dungeon
  1531 | D:5      | Reached XP level 5. HP: 24/24 MP: 6/6
  1561 | D:5      | Reached skill level 6 in Stealth
  1565 | D:5      | Reached skill level 5 in Unarmed Combat
  1611 | D:5      | Noticed an ogre
  1614 | D:5      | Slain by an ogre
  1615 | D:5      | Reached XP level 4. HP: -2/21 MP: 5/5
  1633 | D:5      | Found a staircase to the Ecumenical Temple.
  1633 | D:5      | Noticed a scorpion
  1657 | D:5      | Killed a scorpion
  1658 | D:5      | Reached XP level 5. HP: 14/24 MP: 6/6
  1662 | Temple   | Entered the Ecumenical Temple
  1842 | Temple   | Became a worshipper of Qazlal Stormbringer
  1842 | Temple   | Reached * piety under Qazlal
  1842 | Temple   | Reached ** piety under Qazlal
  1910 | D:5      | Noticed a water moccasin
  1945 | D:5      | Killed a water moccasin
  1946 | D:5      | Reached skill level 1 in Invocations
  1946 | D:5      | Gained mutation: You are covered in thick fur. (AC +2)
                  | [Felid growth]
  1946 | D:5      | Reached XP level 6. HP: 14/28 MP: 6/8
  2188 | D:7      | Noticed an acid dragon
  2189 | D:7      | Killed from afar by an acid dragon

Illustrated notes

Levels and vault maps discovered:
D:1:      dpeg_arrival_castle, layout_basic, serial_shops, shop
D:2:      layout_basic, serial_shops, nicolae_shop_statue_plus, basic_altar,
          patterned_corridor, uniq_jessica
D:3:      layout_loops_ring
D:4:      layout_basic, minmay_misc_feat_tower, hangedman_decor_diamond_cutter,
          uniq_ijyb
D:5:      layout_loops_cross, minmay_temple_entry_junction
D:6:      layout_rooms, kennysheep_diamond
D:7:      cheibrodos_shockbox, layout_basic,
          mainiacjoe_overflow_six_doors_small, minmay_between
Temple:   mainiacjoe_temple_hex_bubbles

Skill      XL: |  1  2  3  4  5  6 |
---------------+-------------------+-----
Stealth        | 3 4 5 6 |  6.0
Unarmed Combat | 4 5 |  5.9
Invocations    | 1 2 |  2.2
Fighting       | |  3.4
Dodging        | |  4.6

Action                   |  1- 3 |  4- 6 || total
-------------------------+-------+-------++-------
Melee: Unarmed           |    91 |   100 ||   191
       Punch             |     2 |     2 ||     4
       Bite              |     7 |     7 ||    14
Evoke: Wand              |       |     1 ||     1
  Use: Potion            |       |     4 ||     4
       Scroll            |       |     4 ||     4
 Stab: Sleeping          |    14 |     6 ||    20
       Invisible         |       |     3 ||     3
Armor: Skin              |    11 |    14 ||    25
Dodge: Dodged            |    59 |    79 ||   138
Block: Other             |       |     3 ||     3
